 Dungeon Crawl Stone Soup version 0.29-a0-323-g050149af67 (webtiles) character file.

Game seed: 6250361844968513548

26643 Vangrel the Cleaver (level 13, -3/124 HPs)
             Began as a Hill Orc Fighter on Apr 11, 2022.
             Was a Priest of the Shining One.
             Slain by a 13-headed hydra (4 damage)
             ... on level 12 of the Dungeon.
             The game lasted 00:54:00 (13207 turns).

Vangrel the Cleaver (Hill Orc Fighter)             Turns: 13207, Time: 00:54:02

Health: -3/124     AC: 24    Str: 19    XL:     13   Next: 27%
Magic:  18/20      EV:  6    Int:  8    God:    the Shining One [***...]
Gold:   900        SH: 16    Dex: 10    Spells: 12/12 levels left

rFire   . . .      SeeInvis +   V - +6 broad axe (venom)
rCold   + . .      Faith    +   c - +0 buckler
rNeg    + + +      Spirit   .   N - +5 plate armour "Kemurgho" {+Blink rElec SInv}
rPois   .          Reflect  .   E - +0 helmet of the Apricot {rElec rN+++ Regen+ Str-5}
rElec   +          Harm     .   W - +1 cloak
rCorr   +          Rampage  .   (no gloves)
Will    .....                   (no boots)
Stlth   ..........              b - amulet "Yruhekk" {Faith rCorr}
HPRegen 1.10/turn               g - ring of protection from cold
MPRegen 0.17/turn               P - ring of resist corrosion

@: divinely shielded, hasted, glowing, very quick
A: no striking features
a: Renounce Religion, Evoke Blink, Divine Shield, Cleansing Flame


You were on level 12 of the Dungeon.
You worshipped the Shining One.
The Shining One was most pleased with you.
You visited 2 branches of the dungeon, and saw 15 of its levels.
You also visited: Bailey.

You collected 1140 gold pieces.
You spent 240 gold pieces at shops.

Inventory:

Hand Weapons
 m - a +4 mace
 p - a +3 hand axe of freezing
 T - a +5 battleaxe
 V - a +6 broad axe of venom (weapon)
Missiles
 Q - 65 poisoned darts (quivered)
 X - 5 curare-tipped darts
 Z - 6 javelins
Armour
 a - a scarf of resistance
 c - a +0 buckler (worn)
 v - an orb of mayhem
 A - a scarf of repulsion
 D - the +1 ring mail of Indemnity {Fly rF+ Int+2}
   (You found it on level 11 of the Dungeon)

   Int:       It affects your intelligence (+2).
   rF:        It protects you from fire.
   Fly:       It grants you flight.
 E - the +0 helmet of the Apricot (worn) {rElec rN+++ Regen+ Str-5}
   (You found it on level 4 of the Dungeon)

   Str:       It affects your strength (-5).
   rElec:     It insulates you from electricity.
   rN:        It renders you almost immune to negative energy.
   Regen:     It increases your rate of health regeneration.
 N - the +5 plate armour "Kemurgho" (worn) {+Blink rElec SInv}
   (You found it on level 5 of the Dungeon)

   rElec:     It insulates you from electricity.
   SInv:      It lets you see invisible.
   +Blink:    It lets you blink.
 W - a +1 cloak (worn)
Jewellery
 b - the amulet "Yruhekk" (around neck) {Faith rCorr}
   (You acquired it on level 11 of the Dungeon)

   [amulet of faith]

   It allows you to gain divine favour quickly.
   rCorr:     It protects you from acid and corrosion.
 g - a ring of protection from cold (left hand)
 y - an amulet of magic regeneration
 I - an amulet of guardian spirit
 P - a ring of resist corrosion (right hand)
Wands
 d - a wand of acid (8)
 i - a wand of flame (19)
 r - a wand of charming (2)
 H - a wand of digging (12)
 J - a wand of polymorph (13)
 S - a wand of mindburst (25)
 U - a wand of paralysis (4)
Scrolls
 f - a scroll of enchant armour
 j - 8 scrolls of teleportation
 k - a scroll of amnesia
 s - 2 scrolls of brand weapon
 t - 4 scrolls of blinking
 x - 6 scrolls of vulnerability
 z - 3 scrolls of magic mapping
 B - 5 scrolls of fear
 G - a scroll of fog {unknown}
 Y - a scroll of immolation {unknown}
Potions
 e - 2 potions of ambrosia {unknown}
 h - 4 potions of brilliance {unknown}
 l - 3 potions of berserk rage {unknown}
 n - 5 potions of mutation {unknown}
 o - 3 potions of magic {unknown}
 q - 4 potions of degeneration {unknown}
 u - 5 potions of haste
 w - 2 potions of invisibility {unknown}
 C - 4 potions of lignification {unknown}
 K - 2 potions of cancellation {unknown}
 L - a potion of flight {unknown}
 M - 3 potions of might
 O - a potion of attraction {unknown}
 R - 4 potions of curing {unknown}


   Skills:
 - Level 14.1 Fighting
 - Level 14.3 Axes
 + Level 11.3 Armour
 - Level 11.0 Shields
 - Level 10.0 Invocations


You had 12 spell levels left.
You didn't know any spells.
Your spell library contained the following spells:

 Spells                   Type           Power      Damage    Failure   Level
 Foxfire                  Conj/Fire      0%         2x1d4     100%        1
 Magic Dart               Conj           0%         1d3       100%        1
 Sting                    Tmut/Pois      0%         1d3       100%        1
 Searing Ray              Conj           0%         2d4       100%        2
 Conjure Flame            Conj/Fire      0%         6-21      100%        3
 Inner Flame              Hex/Fire       0%         N/A       100%        3
 Tukima's Dance           Hex            0%         N/A       100%        3
 Anguish                  Hex/Necr       0%         N/A       100%        4
 Flame Wave               Conj/Fire      0%         2d4       100%        4
 Fulminant Prism          Conj/Hex       0%         3d6       100%        4
 Hailstorm                Conj/Ice       0%         3d3       100%        4
 Ice Form                 Ice/Tmut       0%         N/A       100%        4
 Summon Ice Beast         Ice/Summ       0%         N/A       100%        4
 Summon Mana Viper        Hex/Summ       0%         N/A       100%        5
 Simulacrum               Ice/Necr       0%         N/A       100%        6
 Enfeeble                 Hex            0%         N/A       100%        7
 Monstrous Menagerie      Summ           0%         N/A       100%        7


Dungeon Overview and Level Annotations

Branches:
Dungeon (14/15)            Temple (1/1) D:7            Lair (0/6) D:8
    Orc (0/2) D:10         Bailey (visited)
 Vaults: D:13-14

Altars:
Ashenzari
Dithmenos
Elyvilon
Fedhas
Gozag
Hepliaklqana
Kikubaaqudgha
Makhleb
Nemelex Xobeh
Okawaru
Qazlal
Ru
Sif Muna
Trog
Uskayaw
Vehumet
Wu Jian
Xom
Yredelemnul
Zin
The Shining One

Shops:
D:2 (   D:3 (   D:5 [:?   D:11 :

Annotations:
D:5 2 runed translucent doors, MrShunz's ghost, novice DECj
D:9 4 runed translucent doors


Message History

The ten-headed hydra grows two more!
You slash the 12-headed hydra!
The 12-headed hydra is severely wounded.
The 12-headed hydra bites you but does no damage.
You block the 12-headed hydra's attack. The 12-headed hydra bites you.
You block the 12-headed hydra's attack. The 12-headed hydra closely misses you.
The 12-headed hydra bites you. The 12-headed hydra barely misses you.
The 12-headed hydra bites you but does no damage. x2
The 12-headed hydra bites you! You block the 12-headed hydra's attack.
The 12-headed hydra bites you but does no damage.
You chop one of the 12-headed hydra's heads off!
The 11-headed hydra grows two more!
You slice the 13-headed hydra!!
The 13-headed hydra is severely wounded.
You block the 13-headed hydra's attack. The 13-headed hydra bites you!
You block the 13-headed hydra's attack. The 13-headed hydra bites you!
* * * LOW HITPOINT WARNING * * *
The 13-headed hydra bites you but does no damage.
The 13-headed hydra barely misses you. The 13-headed hydra bites you.
* * * LOW HITPOINT WARNING * * *
The 13-headed hydra bites you but does no damage. x2
The 13-headed hydra bites you.
* * * LOW HITPOINT WARNING * * *
The 13-headed hydra bites you.
* * * LOW HITPOINT WARNING * * *
The 13-headed hydra bites you!
* * * LOW HITPOINT WARNING * * *
You block the 13-headed hydra's attack.
It was a potion of haste.
You feel yourself speed up. The 13-headed hydra bites you.
* * * LOW HITPOINT WARNING * * *
The 13-headed hydra bites you but does no damage.
The 13-headed hydra bites you.
* * * LOW HITPOINT WARNING * * *
The 13-headed hydra barely misses you.
The 13-headed hydra bites you but does no damage.
You block the 13-headed hydra's attack.
The 13-headed hydra bites you but does no damage. x3
You block the 13-headed hydra's attack. The 13-headed hydra bites you.
* * * LOW HITPOINT WARNING * * *
You block the 13-headed hydra's attack. The 13-headed hydra bites you.
You die...

...............#.#
#............#.#.#
...............#.#
.......).......#.#
...#####.......#.####
...# #............#
...# ##...[.......#
...######...........#
####............@)..#
#.....(.....D....#
#....[...........#
#................#
#......###########
#......# #......#
#......### #........#


You could see a 13-headed hydra (extremely poisoned).

Vanquished Creatures
  A fire dragon (D:8)
  A boulder beetle (D:12)
  3 hydras
  4 two-headed ogres
  A deep elf knight (D:13)
  2 deep elf pyromancers
  Pikel (D:6)
  An ugly thing (D:12)
  6 cyclopes
  A manticore (D:13)
  Joseph (D:9)
  A gargoyle (D:6)
  Psyche (D:9)
  4 kobold demonologists
  3 centaur skeletons (D:13)
  Maggie (D:8)
  A komodo dragon (D:12)
  3 trolls
  A hornet (D:9)
  5 slime creatures (D:12)
  2 shadows
  A vampire (D:12)
  3 wraiths
  Sigmund (D:3)
  A wyvern (D:9)
  6 humans (D:10)
  9 yaks
  A steam dragon (D:9)
  3 vampire mosquitoes
  2 acid dragons
  Duvessa (D:7)
  11 orc warriors
  A black bear (D:6)
  4 sky beasts
  3 ogres
  4 ice beasts
  4 boggarts
  5 centaurs
  2 lemures (D:6)
  18 kobold brigands
  A necrophage (D:5)
  A gnoll sergeant (D:7)
  A scorpion (D:6)
  21 wights
  Dowan (D:7)
  4 killer bees (D:9)
  6 electric eels (Bailey)
  A howler monkey (D:5)
  6 jellies
  4 gnoll shamans
  4 orc priests
  4 hounds
  8 iguanas
  Ijyb (D:3)
  5 orc wizards
  22 gnolls
  13 adders
  3 white imps (D:7)
  An ufetubus (D:6)
  4 worms
  A dart slug (D:3)
  31 orcs
  7 endoplasms
  5 giant cockroaches
  14 goblins
  15 hobgoblins
  6 jackals
  4 ball pythons
  4 bats
  5 frilled lizards
  18 kobolds
  5 rats
350 creatures vanquished.

Vanquished Creatures (others)
  A fungus (D:1)
1 creature vanquished.

Grand Total: 351 creatures vanquished

Notes
Turn   | Place    | Note
-------+----------+-------------------------------------------
     0 | D:1      | Vangrel the Hill Orc Fighter began the quest for the Orb.
     0 | D:1      | Reached XP level 1. HP: 19/19 MP: 1/1
   177 | D:1      | Reached XP level 2. HP: 10/26 MP: 2/2
   643 | D:1      | Found a faded altar of an unknown god.
   684 | D:1      | Got Plato's Almanac of Intoxication
   789 | D:1      | Reached XP level 3. HP: 31/31 MP: 3/3
  1277 | D:2      | Reached skill level 5 in Axes
  1419 | D:2      | Reached XP level 4. HP: 33/39 MP: 4/4
  1524 | D:2      | Found Mavakh's Weapon Emporium.
  2364 | D:3      | Noticed Sigmund
  2374 | D:3      | Killed Sigmund
  2375 | D:3      | Reached XP level 5. HP: 44/45 MP: 5/5
  2461 | D:3      | Noticed Ijyb
  2468 | D:3      | Killed Ijyb
  2469 | D:3      | Reached XP level 6. HP: 11/51 MP: 6/6
  2749 | D:3      | Found Obeq's Antique Weapon Boutique.
  3207 | D:3      | Found a radiant altar of Vehumet.
  3513 | D:3      | Found a shadowy altar of Dithmenos.
  3518 | D:3      | Found a broken altar of Ashenzari.
  3716 | D:3      | Bought a glowing war axe for 136 gold pieces
  3858 | D:4      | Found a shimmering blue altar of Sif Muna.
  3871 | D:4      | Found a hide-covered altar of Uskayaw.
  3884 | D:4      | Identified the +0 helmet of the Apricot {rElec rN+++ Regen+
                  | Str-5}
  4398 | D:4      | Reached XP level 7. HP: 57/57 MP: 7/7
  4558 | D:5      | Entered Level 5 of the Dungeon
  4578 | D:5      | Reached skill level 10 in Axes
  4584 | D:5      | Found a bloodstained altar of Trog.
  4623 | D:5      | Found Goegaaf's Magic Scroll Emporium.
  4632 | D:5      | Bought a scroll of identify for 26 gold pieces
  4632 | D:5      | Bought 2 scrolls of identify for 52 gold pieces
  4632 | D:5      | Bought a scroll of identify for 26 gold pieces
  4746 | D:5      | Reached XP level 8. HP: 61/64 MP: 8/8
  4896 | D:5      | Found Koso's Book Shop.
  4910 | D:5      | Found Plog's Armour Boutique.
  5220 | D:5      | Found a runed translucent door.
  5266 | D:5      | Reached skill level 5 in Fighting
  5456 | D:5      | Found an opulent altar of Gozag.
  5458 | D:5      | Found a shimmering altar of Xom.
  5458 | D:5      | Found a hide-covered altar of Uskayaw.
  5460 | D:5      | Found a radiant altar of Vehumet.
  5460 | D:5      | Found a white marble altar of Elyvilon.
  5460 | D:5      | Found a glowing silver altar of Zin.
  5497 | D:5      | Found a runed translucent door.
  5504 | D:5      | Noticed MrShunz's ghost (novice DECj)
  5705 | D:5      | Identified the +5 plate armour "Kemurgho" {+Blink rElec
                  | SInv}
  5890 | D:6      | Noticed Pikel
  5893 | D:6      | Found an ornate altar of the Wu Jian Council.
  5903 | D:6      | Killed Pikel
  5904 | D:6      | Reached XP level 9. HP: 60/84 MP: 9/9
  6015 | D:6      | Reached skill level 10 in Fighting
  6148 | D:6      | Found a hazy altar of Hepliaklqana.
  6215 | D:6      | Found a glowing golden altar of the Shining One.
  6547 | D:6      | Became a worshipper of the Shining One
  6658 | D:7      | Reached skill level 5 in Armour
  6901 | D:7      | Noticed a two-headed ogre
  6911 | D:7      | Killed a two-headed ogre
  6912 | D:7      | Reached XP level 10. HP: 43/94 MP: 2/10
  6961 | D:7      | Noticed a gargoyle
  7001 | D:6      | Killed a gargoyle
  7065 | D:7      | Reached * piety under the Shining One
  7067 | D:7      | Noticed Duvessa
  7070 | D:7      | Noticed Dowan
  7080 | D:7      | Killed Duvessa
  7093 | D:7      | Killed Dowan
  7308 | D:7      | Found a staircase to the Ecumenical Temple.
  7319 | Temple   | Entered the Ecumenical Temple
  7458 | D:8      | Reached skill level 10 in Armour
  7483 | D:8      | Found a flagged portal.
  7512 | Bailey   | Entered a bailey
  7678 | Bailey   | Reached skill level 5 in Shields
  7900 | Bailey   | Found an iron altar of Okawaru.
  7900 | Bailey   | Noticed a kobold demonologist
  7900 | Bailey   | Noticed a kobold demonologist
  7905 | Bailey   | Noticed a smoke demon
  7906 | Bailey   | Killed a kobold demonologist
  7909 | Bailey   | Killed a kobold demonologist
  7983 | Bailey   | Acquired a +3 broad axe of venom
  8060 | D:8      | Reached ** piety under the Shining One
  8063 | D:8      | Reached XP level 11. HP: 101/101 MP: 11/11
  8140 | D:8      | Found a staircase to the Lair.
  8140 | D:8      | Noticed Maggie
  8140 | D:8      | Noticed a fire dragon
  8261 | D:8      | Killed a fire dragon
  8444 | D:8      | Killed Maggie
  9168 | D:9      | Found a runed translucent door.
  9173 | D:9      | Noticed Joseph
  9175 | D:9      | Found a runed translucent door.
  9185 | D:9      | Killed Joseph
  9186 | D:9      | Reached skill level 1 in Invocations
  9204 | D:9      | Found a runed translucent door.
  9218 | D:9      | Found a runed translucent door.
  9240 | D:9      | Reached skill level 10 in Shields
  9314 | D:9      | Noticed a two-headed ogre
  9314 | D:9      | Noticed Psyche
  9321 | D:9      | Killed a two-headed ogre
  9323 | D:9      | Killed Psyche
  9334 | D:9      | Reached *** piety under the Shining One
  9418 | D:10     | Entered Level 10 of the Dungeon
  9421 | D:10     | Found an opulent altar of Gozag.
  9507 | D:10     | Found a glowing silver altar of Zin.
  9565 | D:10     | Found a staircase to the Orcish Mines.
  9586 | D:10     | Reached skill level 5 in Invocations
  9762 | D:10     | Noticed a two-headed ogre
  9768 | D:10     | Killed a two-headed ogre
 10068 | D:10     | Reached XP level 12. HP: 103/108 MP: 15/17
 10438 | D:11     | Found Tiloim Iggy's Book Emporium.
 10496 | D:11     | Identified the +1 ring mail of Indemnity {Fly rF+ Int+2}
 10749 | D:11     | Acquired the amulet "Yruhekk" {Faith rCorr}
 11259 | D:12     | Reached **** piety under the Shining One
 11275 | D:12     | Noticed a boulder beetle
 11293 | D:12     | Killed a boulder beetle
 11297 | D:12     | Noticed a two-headed ogre
 11308 | D:12     | Killed a two-headed ogre
 11309 | D:12     | Reached skill level 10 in Invocations
 11678 | D:12     | Noticed a five-headed hydra
 11716 | D:12     | Killed an 11-headed hydra
 12062 | D:12     | You fall into a shaft and drop 2 floors!
 12278 | D:13     | Noticed a six-headed hydra
 12300 | D:13     | Killed a 16-headed hydra
 12301 | D:13     | Reached XP level 13. HP: 37/122 MP: 18/20
 13207 | D:12     | HP: 4/124 [13-headed hydra (6)]
 13207 | D:12     | HP: 1/124 [13-headed hydra (2)]
 13207 | D:12     | Slain by a 13-headed hydra

Illustrated notes

Levels and vault maps discovered:
D:1:      dpeg_arrival_castle, layout_rooms, shapermc_ecumenical_altar_rom_forum
D:2:      layout_basic, serial_shops, nicolae_shop_advertising_works
          [nicolae_subvault_shop_adworks]
D:3:      layout_loops_corners, nicolae_vehumet_altar_sigil, minitemple,
          serial_shops, nicolae_shop_crystal, dk_noncrumbling_2, uniq_ijyb,
          uniq_sigmund
D:4:      layout_loops_ring, mainiacjoe_overflow_catch_the_wave
D:5:      layout_basic, doesnt_xom_only_xom,
          mainiacjoe_overflow_concentric_impassable, serial_shops, shop,
          nicolae_shop_stone, shop_statue, ebering_ghost_sewer_f
D:6:      layout_cave_pools, mainiacjoe_overflow_alcove_1,
          mainiacjoe_overflow_brackets, tso_metal_star, uniq_pikel
D:7:      cheibrodos_fzero, layout_rooms, minmay_temple_entry_statues,
          uniq_duvessa
D:8:      layout_loops_corners, minmay_lair_entry_lava, enter_bailey_2,
          hangedman_abyss_or_decor_passed, uniq_maggie
D:9:      layout_stronghold, lemuel_coloured_pillars_altar,
          minmay_statue_crystal_thing, uniq_harold, uniq_psyche, uniq_joseph
D:10:     erik_cavepeople, layout_long_grid, zin_statuary,
          nicolae_gozag_seed_capital, david_orc_2
D:11:     layout_roguey [special_room_kobold], serial_shops, shop
D:12:     layout_basic
D:13:     layout_small_grid, hangedman_vaults_entry_quadrant_bands
D:14:     layout_irregular_city, minivault_14, uniq_lodul
Temple:   dpeg_three_leaves_temple

Skill      XL: |  1  2  3  4  5  6  7  8  9 10 11 12 13 |
---------------+----------------------------------------+-----
Axes           | 3 4 5 7 8 9 11 12 14 | 14.3
Fighting       | 9 10 13 14 | 14.1
Armour         | 8 10 11 | 11.3
Shields        | 7 11 | 11.0
Invocations    | 7 10 | 10.0

Action                   |  1- 3 |  4- 6 |  7- 9 | 10-12 | 13-15 || total
-------------------------+-------+-------+-------+-------+-------++-------
Melee: War axe           |    88 |    98 |   237 |   144 |       ||   567
       Broad axe         |       |       |       |   419 |    73 ||   492
Throw: Dart              |       |       |       |     2 |       ||     2
Invok: Divine Shield     |       |       |       |     5 |     4 ||     9
       Cleansing Flame   |       |       |       |     1 |     2 ||     3
 Abil: Evoke Blink       |       |       |       |       |     1 ||     1
Evoke: Wand              |       |     5 |     1 |    18 |       ||    24
  Use: Scroll            |     2 |     1 |     4 |     8 |     3 ||    18
       Potion            |       |     1 |       |     8 |     4 ||    13
Armor: Scale mail        |    47 |    23 |    28 |       |       ||    98
       Plate armour      |       |       |   113 |   412 |   130 ||   655
       Chain mail        |       |       |    10 |       |       ||    10
Dodge: Dodged            |    36 |    35 |    60 |   154 |    35 ||   320
Block: Buckler           |    18 |    23 |    47 |   201 |    94 ||   383

Table legend: (Time is in decaauts)
 A = Elapsed time spent in this place.
 B = Non-inter-level travel time spent in this place.
 C = Inter-level travel time spent in this place.
 D = Time resting spent in this place.
 E = Time spent auto-exploring this place.
 F = Levels seen in this place.
 G = Mean time per level.
                   A        B        C        D        E       F      G
               +--------+--------+--------+--------+--------+-----+--------+
         Total |  13252 |  12367 |    885 |    996 |   7763 |  16 |  828.2 |
       Dungeon |  12694 |  11823 |    871 |    996 |   7705 |  14 |  906.7 |
        Temple |     80 |     66 |     14 |      0 |     58 |   1 |   80.0 |
        Bailey |    477 |    477 |      0 |      0 |      0 |   1 |  477.0 |
               +--------+--------+--------+--------+--------+-----+--------+

Top non-repeatable levels by time:
     D:3: 1501 daAuts
     D:2: 1391 daAuts
    D:12: 1323 daAuts
     D:5: 1221 daAuts
     D:8: 993 daAuts
     D:6: 919 daAuts
    D:11: 905 daAuts
     D:1: 886 daAuts
    D:10: 873 daAuts
     D:4: 825 daAuts
     D:7: 691 daAuts
    D:13: 629 daAuts
  Bailey: 477 daAuts
     D:9: 473 daAuts
  Temple: 80 daAuts
